 Dungeon Crawl Stone Soup version 0.28.0 (webtiles) character file.

Game seed: 2236644179255504905

66 HallandMoats the Skirmisher (level 4, -1/40 HPs)
             Began as a Ghoul Monk on Feb 7, 2022.
             Slain by Robin (8 damage)
             ... on level 2 of the Dungeon.
             The game lasted 00:01:33 (1571 turns).

HallandMoats the Skirmisher (Ghoul Monk)            Turns: 1571, Time: 00:01:33

Health: -1/40      AC:  2    Str: 16    XL:     4   Next: 15%
Magic:  0/4        EV: 12    Int:  5    God:
Gold:   78         SH:  0    Dex: 11    Spells: 3/3 levels left

rFire   . . .      SeeInvis .     - Unarmed
rCold   + . .      Faith    .   (no shield)
rNeg    + + +      Spirit   +   a - +0 robe
rPois   ∞          Reflect  .   (no helmet)
rElec   .          Harm     .   (no cloak)
rCorr   .          Rampage  .   (no gloves)
Will    .....                   (no boots)
Stlth   ++........              d - amulet of guardian spirit
HPRegen 0.00/turn               (no ring)
MPRegen 0.09/turn               (no ring)

@: inhibited regen
A: claws 1, cold resistance 1, negative energy resistance 3, inhibited
regeneration, torment resistance 2
a: no special abilities


You were on level 2 of the Dungeon.
You visited 1 branch of the dungeon, and saw 2 of its levels.

You collected 78 gold pieces.

Inventory:

Armour
 a - a +0 robe (worn)
Jewellery
 d - an amulet of guardian spirit (around neck)
Scrolls
 b - a scroll of fear {unknown}
 c - 2 scrolls of identify {unknown}
 e - 2 scrolls of amnesia {unknown}
Potions
 f - a potion of heal wounds {unknown}


   Skills:
 + Level 3.8 Fighting
 + Level 1.3 Armour
 + Level 3.1 Dodging
 - Level 2.1 Stealth
 + Level 3.7 Unarmed Combat
 + Level 1.3 Invocations


You had 3 spell levels left.
You didn't know any spells.
Your spell library contained the following spells:

 Spells                   Type           Power      Damage    Failure   Level
 Magic Dart               Conj           0%         1d3       47%         1
 Sandblast                Erth           0%         2d4       47%         1
 Passwall                 Tmut/Erth      0%         N/A       63%         2
 Searing Ray              Conj           0%         2d4       63%         2
 Stone Arrow              Conj/Erth      0%         3d7       85%         3
 Fulminant Prism          Conj/Hex       0%         3d6       99%         4


Dungeon Overview and Level Annotations

Branches:
Dungeon (2/15)

Altars:

Annotations:
D:2 Robin


Innate Abilities, Weirdness & Mutations

You thrive by killing the living.
You are immune to poison.
You have sharp fingernails.
Your flesh is cold resistant. (rC+)
You are immune to negative energy. (rN+++)
You do not regenerate when monsters are visible.
You are immune to unholy pain and torment.


Message History

You claw the rat!
You kill the rat!
You feel better. The goblin closely misses you.
You swing at nothing.
The goblin hits you with a +0 dagger.
You barely miss Robin. Robin barely misses you. The goblin barely misses you.
You barely miss Robin.
Robin hits you with a +5 short sword of venom.
The goblin hits you with a +0 dagger.
You scratch the goblin.
The goblin is moderately wounded.
Robin barely misses you. The goblin hits you but does no damage.
You miss the goblin.
The goblin is moderately wounded.
The goblin closely misses you.
Robin hits you with a +5 short sword of venom.
You barely miss the goblin.
The goblin is moderately wounded.
The goblin barely misses you.
Robin hits you with a +5 short sword of venom!
You completely miss the goblin.
The goblin is moderately wounded.
The goblin hits you with a +0 dagger.
Robin hits you with a +5 short sword of venom!
* * * LOW HITPOINT WARNING * * *
You barely miss the goblin.
The goblin is moderately wounded.
The goblin no longer looks unusually strong.
The goblin completely misses you. Robin barely misses you.
You scratch Robin.
Robin is lightly wounded.
The goblin completely misses you.
Robin hits you with a +5 short sword of venom.
* * * LOW HITPOINT WARNING * * *
You scratch Robin.
Robin is moderately wounded.
Robin misses you. The goblin hits you but does no damage.
You scratch Robin.
Robin is heavily wounded.
Robin hits you with a +5 short sword of venom!
You die...

...(.r...# #.#.# #.
....g....# ###.#.###'
.........# ...#.##..
#.gg..##.# #...##.. #....
#.# #...##.. #... #.#
#...##.. ### #.# #....'..
#g# #.#.##.. #@# #.#.....
########g#########.#.....
#..................#.....
#...........###....#...#.
#...........# #....#...#.
#......)....###....###.#.
.........#.#.......# #.#.
#############.#.#####.###...
#..# ######.#.##..#.......


You could see Robin and a goblin.

Vanquished Creatures
  A jelly (D:2)
  A ball python (D:1)
  2 bats (D:1)
  2 endoplasms (D:1)
  2 giant cockroaches (D:2)
  9 goblins
  5 hobgoblins
  2 jackals (D:1)
  5 kobolds
  3 frilled lizards
  A rat (D:2)
33 creatures vanquished.

Notes
Turn   | Place    | Note
-------+----------+-------------------------------------------
     0 | D:1      | HallandMoats the Ghoul Monk began the quest for the Orb.
     0 | D:1      | Reached XP level 1. HP: 19/19 MP: 0/0
   299 | D:1      | Reached XP level 2. HP: 26/26 MP: 1/1
  1067 | D:2      | Reached XP level 3. HP: 19/31 MP: 2/2
  1271 | D:2      | Reached skill level 1 in Armour
  1271 | D:2      | Reached skill level 1 in Invocations
  1527 | D:2      | Reached XP level 4. HP: 39/40 MP: 3/3
  1547 | D:2      | Noticed Robin
  1571 | D:2      | Slain by Robin

Illustrated notes

Levels and vault maps discovered:
D:1:      mushboom_english_gardens, layout_basic
D:2:      layout_basic, grunt_decor_clamped, amcnicky_mini_rare_corridor_liquid,
          minmay_goblin_kobold_house, uniq_robin

Skill      XL: |  1  2  3 |
---------------+----------+-----
Armour         | 1 |  1.3
Dodging        | 3 |  3.1
Invocations    | 1 |  1.3
Fighting       | |  3.8
Stealth        | |  2.1
Unarmed Combat | |  3.7

Action                   |  1- 3 |  4- 6 || total
-------------------------+-------+-------++-------
Melee: Unarmed           |    82 |    26 ||   108
 Stab: Sleeping          |     1 |       ||     1
       Distracted        |     1 |       ||     1
Armor: Robe              |     5 |     3 ||     8
Dodge: Dodged            |    42 |    17 ||    59
